 Dungeon Crawl Stone Soup version 0.29-a0-356-g7bc237e783 (webtiles) character file.

Game seed: 12769336762299044779

48 NinjaNoafa the Archer (level 3, 0/31 HPs)
             Began as a Gnoll Hunter on Apr 26, 2022.
             Slain by a hound (5 damage)
             ... on level 3 of the Dungeon.
             The game lasted 00:03:24 (1607 turns).

NinjaNoafa the Archer (Gnoll Hunter)                Turns: 1607, Time: 00:03:24

Health: 0/31       AC:  2    Str: 10    XL:     3   Next: 72%
Magic:  0/4        EV: 14    Int:  8    God:
Gold:   60         SH:  0    Dex: 17    Spells: 3/3 levels left

rFire   x . .      SeeInvis .   f - +1 short sword
rCold   + . .      Faith    .   (no shield)
rNeg    . . .      Spirit   +   q - +0 robe "Entil" {Harm Rampage}
rPois   .          Reflect  .   (no helmet)
rElec   .          Harm     +   (no cloak)
rCorr   .          Rampage  +   (no gloves)
Will    .....                   (no boots)
Stlth   ++........              o - amulet of guardian spirit
HPRegen 0.10/turn               g - ring of ice
MPRegen 0.09/turn               (no ring)

@: mighty
A: fangs 1, strong nose, distributed training
a: no special abilities


You were on level 3 of the Dungeon.
You visited 1 branch of the dungeon, and saw 3 of its levels.

You collected 80 gold pieces.
You spent 20 gold pieces at shops.

Inventory:

Hand Weapons
 a - a +1 shortbow
 f - a +1 short sword (weapon)
Missiles
 e - 5 poisoned darts
Armour
 b - a +0 leather armour
 q - the +0 robe "Entil" (worn) {Harm Rampage}
   (You took it off a hobgoblin on level 2 of the Dungeon)

   Harm:      It increases damage dealt and taken.
   Rampage:   It bestows one free step when moving towards enemies.
Jewellery
 g - a ring of ice (left hand)
 o - an amulet of guardian spirit (around neck)
 p - a ring of protection from cold
 r - a +4 ring of evasion
Scrolls
 c - a scroll of immolation
 d - 2 scrolls of holy word
 j - a scroll of vulnerability {unknown}
 k - a scroll of summoning {unknown}
 l - a scroll of torment {unknown}
 n - a scroll of teleportation {unknown}


   Skills:
 + Level 4.5 Fighting
 + Level 0.9 Short Blades
 + Level 0.9 Long Blades
 + Level 0.9 Axes
 + Level 0.9 Maces & Flails
 + Level 0.9 Polearms
 + Level 0.9 Staves
 + Level 0.9 Slings
 + Level 8.5 Bows
 + Level 0.9 Crossbows
 + Level 0.9 Throwing
 + Level 0.9 Armour
 + Level 4.5 Dodging
 + Level 2.4 Stealth
 + Level 0.9 Shields
 + Level 0.9 Unarmed Combat
 + Level 0.9 Spellcasting
 + Level 0.6 Conjurations
 + Level 0.6 Hexes
 + Level 0.6 Summonings
 + Level 0.6 Necromancy
 + Level 0.6 Translocations
 + Level 0.6 Transmutations
 + Level 0.6 Fire Magic
 + Level 0.6 Ice Magic
 + Level 0.6 Air Magic
 + Level 0.6 Earth Magic
 + Level 0.6 Poison Magic
 + Level 1.0 Invocations
 + Level 0.9 Evocations


You had 3 spell levels left.
You didn't know any spells.
Your spell library was empty.

Dungeon Overview and Level Annotations

Branches:
Dungeon (3/15)

Altars:

Shops:
D:1 ?


Innate Abilities, Weirdness & Mutations

You have very sharp teeth.
Your uncanny sense of smell can sniff out nearby items.
Your experience applies equally to all skills.


Message History

The arrow hits the hound but does no damage.
The hound is severely wounded.
The hound bites you. x2
You shoot an arrow. The arrow closely misses the hound.
The arrow closely misses the kobold.
The hound bites you but does no damage. The hound bites you.
The hound stops to sniff the ground.
The hound bites you.
There is an open door here.
The hound attacks as you move away! The hound closely misses you.
The hound bites you. The hound attacks as you move away!
The hound closely misses you.
It was a potion of curing.
You feel better. The hound barely misses you. The hound bites you.
It was a potion of might.
You feel very mighty all of a sudden. The hound barely misses you.
The kobold misses you.
f - a +0 short sword (weapon)
The hound pauses to sniff the ground.
The hound closely misses you. The kobold closely misses you.
You barely miss the hound.
The hound is severely wounded.
The hound bites you but does no damage. The hound barely misses you.
The kobold hits you with a +0 dagger.
You barely miss the hound.
The hound is severely wounded.
The hound bites you. The kobold hits you with a +0 dagger.
You barely miss the hound.
The hound is severely wounded.
The hound misses you. The hound closely misses you.
The kobold hits you with a +0 dagger.
* * * LOW HITPOINT WARNING * * *
The hound attacks as you move away! The hound barely misses you.
The hound bites you.
* * * LOW HITPOINT WARNING * * *
Found a potion of curing.
As you read the scroll of enchant weapon, it crumbles to dust.
Your +0 short sword glows red for a moment.
The hound bites you.
You die...

#.#..##### #.##.#...
##########'##...#####
............##.....<#
............†...#####
!...........#..>#
............#.#.#
.......hK...#.#.#
.......@....#.#.#
............+.#.#
.........#.##.<.#
.........##.#####
.......... #.#
##########. #.# . ##
.


You could see a hound and a kobold.

Vanquished Creatures
  A worm (D:2)
  4 endoplasms
  4 giant cockroaches
  5 goblins
  7 hobgoblins
  4 jackals (D:1)
  A quokka (D:3)
  3 ball pythons
  5 bats (D:1)
  2 frilled lizards
  3 rats (D:1)
39 creatures vanquished.

Notes
Turn   | Place    | Note
-------+----------+-------------------------------------------
     0 | D:1      | NinjaNoafa the Gnoll Hunter began the quest for the Orb.
     0 | D:1      | Reached XP level 1. HP: 20/20 MP: 1/1
   131 | D:1      | Reached XP level 2. HP: 26/26 MP: 2/2
   429 | D:1      | Found Roskukaa's Magic Scroll Emporium.
   439 | D:1      | Bought a scroll of identify for 20 gold pieces
   561 | D:1      | Reached XP level 3. HP: 31/31 MP: 3/3
  1163 | D:2      | Reached skill level 1 in Invocations
  1191 | D:2      | Identified the +0 robe "Entil" {Harm Rampage}
  1607 | D:3      | Slain by a hound

Illustrated notes

Levels and vault maps discovered:
D:1:      dpeg_arrival_subterranean_lakeside_camping, layout_loops_ring,
          serial_shops, nicolae_shop_waterfront
D:2:      layout_loops_corners, lemuel_old_faithful
D:3:      layout_basic, overflow_temple_1_default, trog_three_pillars_becter,
          hellmonk_ecumenical_altar_defaced_shrine, amethyst_killhole

Skill      XL: |  1  2  3 |
---------------+----------+-----
Invocations    | 1 |  1.0
Fighting       | |  4.5
Short Blades   | |  0.9
Long Blades    | |  0.9
Axes           | |  0.9
Maces & Flails | |  0.9
Polearms       | |  0.9
Staves         | |  0.9
Slings         | |  0.9
Bows           | |  8.5
Crossbows      | |  0.9
Throwing       | |  0.9
Armour         | |  0.9
Dodging        | |  4.5
Stealth        | |  2.4
Shields        | |  0.9
Unarmed Combat | |  0.9
Spellcasting   | |  0.9
Conjurations   | |  0.6
Hexes          | |  0.6
Summonings     | |  0.6
Necromancy     | |  0.6
Translocations | |  0.6
Transmutations | |  0.6
Fire Magic     | |  0.6
Ice Magic      | |  0.6
Air Magic      | |  0.6
Earth Magic    | |  0.6
Poison Magic   | |  0.6
Evocations     | |  0.9

Action                   || total
-------------------------++-------
Melee: Short sword       ||    25
       Bite              ||     3
 Fire: Shortbow          ||    71
  Use: Scroll            ||     3
       Potion            ||     2
 Stab: Sleeping          ||     2
Armor: Leather armour    ||     8
       Robe              ||     3
Dodge: Dodged            ||    37

Table legend: (Time is in decaauts)
 A = Elapsed time spent in this place.
 B = Non-inter-level travel time spent in this place.
 C = Inter-level travel time spent in this place.
 D = Time resting spent in this place.
 E = Time spent auto-exploring this place.
 F = Levels seen in this place.
 G = Mean time per level.
                   A        B        C        D        E       F      G
               +--------+--------+--------+--------+--------+-----+--------+
         Total |   1615 |   1591 |     24 |      0 |   1336 |   3 |  538.3 |
       Dungeon |   1615 |   1591 |     24 |      0 |   1336 |   3 |  538.3 |
               +--------+--------+--------+--------+--------+-----+--------+

Top non-repeatable levels by time:
     D:2: 925 daAuts
     D:1: 636 daAuts
     D:3: 53 daAuts
